 Dungeon Crawl Stone Soup version 0.30-a0-218-gedb9141078 (webtiles) character file.

Game seed: 209582152373851681

92 KennySheep the Trooper (level 4, -1/49 HPs)
             Began as an Ogre Berserker on Oct 5, 2022.
             Was a Believer of Trog.
             Slain by a gnoll
             ... wielding a +0 spear
              (2 damage)
             ... on level 3 of the Dungeon.
             The game lasted 00:02:28 (1958 turns).

KennySheep the Trooper (Ogre Berserker)             Turns: 1958, Time: 00:02:28

Health: -1/49      AC:  4    Str: 23    XL:     4   Next: 60%
Magic:  4/4        EV: 10    Int:  8    God:    Trog [**....]
Gold:   92         SH:  0    Dex:  8    Spells: 3/3 levels left

rFire   . . .      SeeInvis .    a - +0 mace
rCold   . . .      Faith    .    (no shield)
rNeg    . . .      Spirit   .    b - +0 animal skin
rPois   .          Reflect  .    (helmet restricted)
rElec   .          Harm     .    h - +0 cloak
rCorr   .          Rampage  .    (gloves unavailable)
Will    .....                    (boots unavailable)
Stlth   +.........               (no amulet)
HPRegen 0.28/turn                (no ring)
MPRegen 0.09/turn                (no ring)

@: on berserk cooldown, slowed, very slow
A: large, unfitting armour, tough skin 1
a: Renounce Religion, Berserk, Trog's Hand


You were on level 3 of the Dungeon.
You worshipped Trog.
Trog was pleased with you.
You visited 1 branch of the dungeon, and saw 3 of its levels.

You collected 92 gold pieces.

Inventory:

Hand Weapons
 a - a +0 mace (weapon)
Armour
 b - a +0 animal skin (worn)
 h - a +0 cloak (worn)
Jewellery
 m - a ring of protection from cold
Scrolls
 d - 2 scrolls of immolation {unknown}
 f - a scroll of poison {unknown}
 g - a scroll of amnesia {unknown}
 i - a scroll of butterflies {unknown}
 j - 3 scrolls of identify {unknown}
 n - 2 scrolls of noise {unknown}
 o - 3 scrolls of brand weapon {unknown}
Potions
 c - a potion of haste {unknown}
 e - a potion of lignification {unknown}
 k - a potion of curing {unknown}
 l - 2 potions of attraction {unknown}


   Skills:
 + Level 4.7 Fighting
 * Level 3.6 Maces & Flails
 + Level 1.5 Throwing
 + Level 1.0 Armour
 - Level 2.8 Dodging


You had 3 spell levels left.
You didn't know any spells.
Your spell library was empty.

Dungeon Overview and Level Annotations

Branches:
Dungeon (3/15)

Altars:


Innate Abilities, Weirdness & Mutations

You are too large for most types of armour.
You have tough skin. (AC +1)


Message History

The gnoll hits you with a +0 whip. The gnoll misses you.
The gnoll closely misses you.
The hobgoblin hits you but does no damage.
You barely miss the gnoll. The gnoll hits you with a +0 whip.
The gnoll barely misses you. The gnoll hits you but does no damage.
The hobgoblin misses you.
You hit the gnoll.
The gnoll is moderately wounded.
You thump the gnoll!
You kill the gnoll!
Trog accepts your kill.
The gnoll hits you from afar with a +0 vorpal spear.
The hobgoblin closely misses you.
The gnoll hits you from afar with a +0 spear.
* * * LOW HITPOINT WARNING * * *
The gnoll closely misses you. The hobgoblin hits you.
* * * LOW HITPOINT WARNING * * *
The gnoll hits you from afar with a +0 spear.
* * * LOW HITPOINT WARNING * * *
You see here a +0 whip.
You hit the gnoll.
The gnoll is heavily wounded.
The hobgoblin barely misses you. The gnoll barely misses you.
The gnoll closely misses you. The hobgoblin misses you.
You hit the gnoll.
The gnoll is almost dead.
You are no longer berserk.
You are exhausted.
You feel yourself slow down.
You barely miss the gnoll.
The gnoll is almost dead.
The hobgoblin hits you but does no damage.
The gnoll closely misses you. The gnoll barely misses you.
The hobgoblin hits you.
* * * LOW HITPOINT WARNING * * *
The hobgoblin misses you. The hobgoblin barely misses you.
The gnoll hits you with a +0 vorpal spear.
* * * LOW HITPOINT WARNING * * *
x2 The gnoll hits you from afar with a +0 spear.
You die...

#.### ##### #....
#######.... ##....###
###....##....
........####.+....'.....
........##...#....###.:.
..................# ##..
......g.##.#......+ ##.
#.g@##.#......# ##
......#g?)......[.# #
.####.g)))#........#
....>..............#
.....!.####.########
######.# #... # #..
.#### ## ### #.#####.+
##. #.....#.# ##..


You could see 2 gnolls and 2 hobgoblins.

Vanquished Creatures
  Robin (D:3)
  2 gnolls
  2 adders
  An ufetubus (D:3)
  2 ball pythons (D:1)
  2 endoplasms
  4 giant cockroaches
  4 hobgoblins
  2 kobolds (D:1)
  3 bats
  A frilled lizard (D:1)
  11 goblins
  2 rats
37 creatures vanquished.

Notes
Turn   | Place    | Note
-------+----------+-------------------------------------------
     0 | D:1      | KennySheep the Ogre Berserker began the quest for the Orb.
     0 | D:1      | Reached XP level 1. HP: 24/24 MP: 1/1
    59 | D:1      | Reached XP level 2. HP: 29/32 MP: 2/2
   533 | D:1      | Reached XP level 3. HP: 40/40 MP: 3/3
  1083 | D:2      | Reached skill level 1 in Throwing
  1611 | D:3      | Identified the -2 helmet "Ubrepn" {rPois}
  1611 | D:3      | Noticed Robin
  1920 | D:3      | Reached XP level 4. HP: 44/49 MP: 4/4
  1946 | D:3      | Killed Robin
  1947 | D:3      | Reached ** piety under Trog
  1949 | D:3      | Reached skill level 1 in Armour
  1958 | D:3      | HP: 2/49 [gnoll/+0 vorpal spear (2)]
  1958 | D:3      | Slain by a gnoll

Illustrated notes

Levels and vault maps discovered:
D:1:      wander_arrival_estate, layout_basic
D:2:      layout_loops_ring
D:3:      layout_basic, general_overflow_altar,
          nicolae_gozag_cash_rules_everything_around_me, grunt_ministairs_8,
          uniq_robin

Skill      XL: |  1  2  3  4 |
---------------+-------------+-----
Maces & Flails | 3 |  3.6
Throwing       | 1 |  1.5
Armour         | 1 |  1.0
Fighting       | |  4.7
Dodging        | |  2.8

Action                   |  1- 3 |  4- 6 || total
-------------------------+-------+-------++-------
Melee: Mace              |   108 |    13 ||   121
Invok: Berserk           |       |     1 ||     1
Armor: Animal skin       |    43 |    10 ||    53
Dodge: Dodged            |    68 |    24 ||    92

Table legend: (Time is in decaauts)
 A = Elapsed time spent in this place.
 B = Non-inter-level travel time spent in this place.
 C = Inter-level travel time spent in this place.
 D = Time resting spent in this place.
 E = Time spent auto-exploring this place.
 F = Levels seen in this place.
 G = Mean time per level.
                   A        B        C        D        E       F      G
               +--------+--------+--------+--------+--------+-----+--------+
         Total |   1980 |   1869 |    111 |     45 |   1524 |   3 |  660.0 |
       Dungeon |   1980 |   1869 |    111 |     45 |   1524 |   3 |  660.0 |
               +--------+--------+--------+--------+--------+-----+--------+

Top non-repeatable levels by time:
     D:1: 897 daAuts
     D:2: 724 daAuts
     D:3: 358 daAuts
